 Dungeon Crawl Stone Soup version 0.29.0-15-g675c0067aa (webtiles) character file.

Game seed: 6111639732687782960

97251 qw the Severer (level 15, 0/149 HPs)
             Began as a Minotaur Berserker on Sept 11, 2022.
             Was a High Priest of Trog.
             Slain by an orc warrior
             ... wielding a +0 dire flail
              (7 damage)
             ... on level 2 of the Orcish Mines.
             The game lasted 00:09:36 (28192 turns).

qw the Severer (Minotaur Berserker)                Turns: 28192, Time: 00:09:37

Health: 0/149      AC: 33    Str: 33    XL:     15   Next: 71%
Magic:  0/14       EV:  9    Int:  7    God:    Trog [*****.]
Gold:   1561       SH: 17    Dex: 10    Spells: 14/14 levels left

rFire   . . .      SeeInvis +   e - +2 broad axe (vamp)
rCold   . . .      Faith    .   z - +0 tower shield
rNeg    . . .      Spirit   +   m - +0 plate armour
rPois   +          Reflect  .   j - +5 hat of the Cockatrice {Fly rElec Str+4 Int+3}
rElec   +          Harm     .   f - +2 cloak
rCorr   .          Rampage  .   h - +2 pair of gloves
Will    +....                   b - +2 pair of boots
Stlth   ..........              g - amulet of guardian spirit
HPRegen 0.34/turn               l - ring of poison resistance
MPRegen 0.14/turn               p - ring of see invisible

@: about to teleport, on berserk cooldown, flying, slowed, very slow
A: horns 2, retaliatory headbutt
a: Renounce Religion, Berserk, Trog's Hand, Brothers in Arms


You were on level 2 of the Orcish Mines.
You worshipped Trog.
Trog was extremely pleased with you.
You visited 3 branches of the dungeon, and saw 22 of its levels.

You collected 1859 gold pieces.
You spent 298 gold pieces at shops.


Innate Abilities, Weirdness & Mutations

You have a pair of horns on your head.
You reflexively headbutt those who attack you in melee.


   Skills:
 - Level 17.8 Fighting
 - Level 18.0 Axes
 - Level 4.0 Throwing
 - Level 16.0 Armour
 - Level 7.0 Dodging
 + Level 14.8 Shields


You had 14 spell levels left.
You didn't know any spells.
Your spell library was empty.

Inventory:

Hand Weapons
 e - a +2 vampiric broad axe (weapon)
 t - a +3 morningstar of freezing
Missiles
 A - 2 boomerangs (quivered)
Armour
 b - a +2 pair of boots (worn)
 f - a +2 cloak (worn)
 h - a +2 pair of gloves (worn)
 j - the +5 hat of the Cockatrice (worn) {Fly rElec Str+4 Int+3}
   (You acquired it on level 5 of the Lair of Beasts)

   Str:       It affects your strength (+4).
   Int:       It affects your intelligence (+3).
   rElec:     It insulates you from electricity.
   Fly:       It grants you flight.
 m - a +0 plate armour (worn)
 z - a +0 tower shield (worn)
 B - a +4 chain mail of willpower
Jewellery
 g - an amulet of guardian spirit (around neck)
 l - a ring of poison resistance (left hand)
 p - a ring of see invisible (right hand)
 s - an amulet of regeneration
 u - a +6 ring of strength
 x - a +4 ring of slaying {mikee}
 y - a ring of poison resistance
Wands
 r - a wand of digging (13)
Scrolls
 k - 26 scrolls of identify
 q - 7 scrolls of teleportation
 v - 3 scrolls of brand weapon
Potions
 a - a potion of resistance
 c - a potion of mutation
 d - 3 potions of haste
 i - 4 potions of might
 n - 9 potions of curing
 o - a potion of heal wounds

Dungeon Overview and Level Annotations

Branches:
Dungeon (15/15)            Temple (0/1) D:4            Lair (5/5) D:10
 Shoals (0/4) Lair:2        Snake (0/4) Lair:2        Slime (0/5) Lair:4
    Orc (2/2) D:9             Elf (0/3) Orc:2        Vaults (0/5) D:14
 Depths (0/4) D:15

Altars:
Cheibriados
Elyvilon
Gozag
Hepliaklqana
Kikubaaqudgha
Nemelex Xobeh
Okawaru
Qazlal
Ru
Trog
Uskayaw
Vehumet
Xom
Yredelemnul
Jiyva

Shops:
D:3 ?   D:8 *   Orc:2 :

Annotations:
D:11 2 runed translucent doors


Message History

The orc knight dies!
Trog accepts your kill. You block the orc warrior's attack. x3
The orc warrior unwields a +0 dire flail.
The orc warrior wields a +0 arbalest.
The orc warrior shoots a bolt.
The bolt hits you!
The red devil hits you but does no damage.
The orc high priest no longer looks unusually strong.
The orc warrior closely misses you. The orc warrior barely misses you.
The orc warrior hits you but does no damage.
You block the orc warrior's attack.
The orc warrior unwields a +0 arbalest.
The orc warrior wields a +0 dire flail.
The orc warrior hits you with a +0 dire flail!!
The orc warrior closely misses you.
The orc warrior hits you but does no damage.
You block the orc warrior's attack.
The orc high priest calls down the wrath of Beogh upon you.
Beogh smites you!
Items here: %% ))) [[[.
You closely miss the orc warrior.
The orc warrior is heavily wounded.
You barely miss the orc warrior. You barely miss the red devil.
You block the red devil's attack. You block the orc warrior's attack.
The orc warrior hits you but does no damage.
You block the orc warrior's attack.
The orc warrior hits you from afar with a +0 trident!!
The orc warrior hits you with a +0 trident!
The red devil closely misses you.
28192 ||| READING 8 scrolls of teleportation.
As you read the scroll of teleportation, it crumbles to dust.
You feel strangely unstable.
The orc warrior no longer looks unusually strong. x2
The orc warrior closely misses you. You furiously retaliate!
You headbutt the orc warrior, but do no damage.
The orc warrior closely misses you. You block the orc warrior's attack.
The orc high priest mumbles some strange prayers to Beogh against you.
Beogh smites you! You block the orc warrior's attack.
You block the red devil's attack.
The orc warrior hits you with a +0 dire flail!
You die... .. #...#.... #.. ........# #.. #...#...# #.........# #.o#ooo#o.# ooo.ooo

##4#o##
#)O@o.#
###)#.###
##.).)...#
#..#...#..#
##.........#
#...#...#...#
##...........#
#....#...#....
#.............


You could see an orc high priest, a red devil (summoned), 7 orc warriors, 2 orc
priests, 2 orcs and a friendly two-headed ogre (summoned, berserk).

Vanquished Creatures
  Rupert (D:13)
  Kirke (D:12)
  An orc warlord (Orc:2)
  A stone giant (D:15)
  Harold (Lair:2)
  7 hydras
  4 two-headed ogres
  8 vault guards (D:14)
  7 centaur warriors
  4 catoblepae
  11 death yaks
  2 tengu warriors (D:15)
  3 orc high priests (Orc:2)
  5 skeletal warriors (D:14)
  A fire crab (shapeshifter) (D:14)
  4 lindwurms (Lair:4)
  3 deep elf pyromancers (D:14)
  A wizard (D:11)
  6 orc knights (Orc:2)
  A harpy (shapeshifter) (D:14)
  An oklob plant (D:10)
  18 ugly things
  An orc sorcerer (Orc:2)
  2 cyclopes
  Maurice (Orc:1)
  15 elephants (Lair:5)
  A guardian serpent (shapeshifter) (D:14)
  4 black mambas
  10 cane toads
  A kobold demonologist (D:12)
  9 komodo dragons
  A freezing wraith (D:14)
  3 rime drakes
  2 efreet (D:14)
  6 trolls
  A troll (shapeshifter) (D:15)
  3 meliai (D:13)
  2 hornets
  2 slime creatures (D:14)
  6 dream sheep (Lair:3)
  5 large abominations (D:11)
  27 blink frogs
  A vampire (D:10)
  A shadow (D:7)
  2 wyverns
  5 basilisks
  2 wraiths
  35 yaks
  A hog (D:12)
  A steam dragon (D:9)
  6 vampire mosquitoes
  3 wargs
  4 nagas (Lair:2)
  2 swamp worms (D:8)
  2 acid dragons
  12 water moccasins
  7 small abominations (D:11)
  A meliai simulacrum (D:15)
  A black bear (shapeshifter) (D:15)
  3 black bears
  2 ice beasts
  2 sky beasts
  26 orc warriors
  17 wolves
  15 centaurs
  8 ogres
  4 kobold brigands
  15 bullfrogs
  3 gnoll sergeants
  A necrophage (D:5)
  5 scorpions
  10 wights
  11 killer bees
  4 howler monkeys
  4 electric eels
  19 orc priests
  3 hounds
  A jelly (D:8)
  Terence (D:2)
  An iguana (D:7)
  17 orc wizards
  9 adders
  11 gnolls
  2 shadow imps
  2 white imps
  2 ufetubi
  2 worms
  4 dart slugs
  65 orcs
  4 endoplasms
  3 giant cockroaches
  2 hobgoblins (D:1)
  17 jackals
  5 quokkas
  5 ball pythons
  11 bats
  3 frilled lizards
  6 goblins
  18 kobolds
  A rat (D:3)
623 creatures vanquished.

Vanquished Creatures (collateral kills)
  A hydra (Lair:5)
  A deep troll shaman (Lair:5)
  An orc high priest (Orc:2)
  An orc knight (Orc:2)
  2 orc warriors
  3 orcs (D:10)
  A plant (D:10)
10 creatures vanquished.

Vanquished Creatures (others)
  A komodo dragon (shapeshifter) (D:14)
  A tengu conjurer (D:14)
  A slime creature (D:14)
  2 orcs (Orc:2)
  33 fungi
  69 plants
107 creatures vanquished.

Grand Total: 740 creatures vanquished

Notes
Turn   | Place    | Note
-------+----------+-------------------------------------------
     0 | D:1      | qw the Minotaur Berserker began the quest for the Orb.
     0 | D:1      | Reached XP level 1. HP: 19/19 MP: 0/0
     0 | D:1      | 0 ||| qw: Version: 0.1-a-119-g272c26d
     0 | D:1      | 0 ||| qw: Game counter: 10685
     0 | D:1      | 0 ||| qw: Always use a shield: true
     0 | D:1      | 0 ||| qw: Do Orc after D:15 true
     0 | D:1      | 0 ||| qw: Do second Lair branch before Depths: true
     0 | D:1      | 0 ||| qw: Lair rune preference: random
     0 | D:1      | 0 ||| qw: Plans: Normal
     0 | D:1      | 0 ||| PLANNING D:1-11
   198 | D:1      | Reached skill level 4 in Axes
   291 | D:1      | Reached XP level 2. HP: 26/26 MP: 1/1
   334 | D:1      | 334 ||| Stepping ~*~*~tactically~*~*~ (stealth).
   336 | D:1      | 336 ||| Stepping ~*~*~tactically~*~*~ (stealth).
   393 | D:1      | Found a faded altar of an unknown god.
   402 | D:1      | 402 ||| SWAPPING to +0 war axe of freezing.
   403 | D:1      | 403 ||| DROPPING +0 hand axe.
   447 | D:1      | 447 ||| Stepping ~*~*~tactically~*~*~ (stealth).
   449 | D:1      | 449 ||| Stepping ~*~*~tactically~*~*~ (stealth).
   458 | D:1      | Reached skill level 5 in Axes
   474 | D:1      | 474 ||| Stepping ~*~*~tactically~*~*~ (stealth).
   475 | D:1      | 475 ||| Stepping ~*~*~tactically~*~*~ (stealth).
   476 | D:1      | 476 ||| Stepping ~*~*~tactically~*~*~ (stealth).
   481 | D:1      | 481 ||| Stepping ~*~*~tactically~*~*~ (stealth).
   482 | D:1      | 482 ||| Stepping ~*~*~tactically~*~*~ (stealth).
   492 | D:1      | 492 ||| Stepping ~*~*~tactically~*~*~ (stealth).
   493 | D:1      | 493 ||| Stepping ~*~*~tactically~*~*~ (stealth).
   560 | D:1      | Reached ** piety under Trog
   578 | D:1      | Reached XP level 3. HP: 31/31 MP: 2/2
   591 | D:1      | 591 ||| Stepping ~*~*~tactically~*~*~ (stealth).
   593 | D:1      | 593 ||| Stepping ~*~*~tactically~*~*~ (stealth).
   988 | D:1      | 988 ||| Stepping ~*~*~tactically~*~*~ (stealth).
   989 | D:1      | 989 ||| Stepping ~*~*~tactically~*~*~ (stealth).
   992 | D:1      | 992 ||| Stepping ~*~*~tactically~*~*~ (stealth).
  1086 | D:1      | 1086 ||| DROPPING +0 club.
  1262 | D:1      | 1262 ||| UPGRADING to +0 pair of gloves.
  1267 | D:1      | 1267 ||| UPGRADING to +0 leather armour.
  1277 | D:1      | 1277 ||| DROPPING +0 animal skin.
  1278 | D:1      | 1278 ||| READING scroll labelled VUFEQIO AZOUT.
  1279 | D:1      | 1279 ||| READING 2 scrolls labelled HEBLAA GICWAM.
  1280 | D:1      | 1280 ||| READING scroll labelled ZEHOCL HESARI.
  1413 | D:1      | 1413 ||| READING 2 scrolls labelled QASIXKIOHE.
  1414 | D:1      | 1414 ||| DRINKING 2 black potions.
  1460 | D:1      | 1460 ||| DROPPING potion of lignification.
  1461 | D:1      | 1461 ||| DROPPING scroll of vulnerability.
  1483 | D:1      | 1483 ||| Stepping ~*~*~tactically~*~*~ (stealth).
  1504 | D:2      | 1504 ||| STAIRDANCE
  1864 | D:2      | You fall into a shaft and drop 1 floor!
  1865 | D:3      | 1865 ||| UPGRADING to +2 pair of boots.
  1870 | D:3      | 1870 ||| UPGRADING to +0 ring mail.
  1880 | D:3      | 1880 ||| DROPPING +0 leather armour.
  1881 | D:3      | 1881 ||| READING scroll labelled ZAOZIW LELO.
  1882 | D:3      | 1882 ||| READING scroll labelled DOAROB PO GOWIDUF.
  1883 | D:3      | 1883 ||| READING 4 scrolls of identify.
  1883 | D:3      | 1883 ||| IDENTIFYING orange potion
  1884 | D:3      | 1884 ||| READING 3 scrolls of identify.
  1884 | D:3      | 1884 ||| IDENTIFYING purple potion
  1885 | D:3      | 1885 ||| DROPPING potion of flight.
  1887 | D:3      | 1887 ||| FLEEEEING.
  1888 | D:3      | 1888 ||| FLEEEEING.
  1889 | D:3      | 1889 ||| FLEEEEING.
  1890 | D:3      | 1890 ||| FLEEEEING.
  1891 | D:3      | 1891 ||| STAIRDANCE
  1898 | D:2      | Noticed Terence
  1901 | D:2      | 1901 ||| INVOKING Berserk.
  1903 | D:2      | Killed Terence
  1904 | D:2      | Reached skill level 1 in Throwing
  1904 | D:2      | Reached XP level 4. HP: 39/39 MP: 3/3
  2381 | D:2      | 2381 ||| UPGRADING to +0 scale mail.
  2391 | D:2      | 2391 ||| DROPPING +0 ring mail.
  2462 | D:3      | Found a radiant altar of Vehumet.
  2558 | D:3      | 2558 ||| Stepping ~*~*~tactically~*~*~ (hiding).
  2802 | D:3      | Found Atetesoluf's Magic Scroll Shoppe.
  2818 | D:3      | 2818 ||| BUYING scroll of enchant armour (82 gold).
  2818 | D:3      | Bought a scroll of enchant armour for 82 gold pieces
  2818 | D:3      | 2818 ||| SHOPLISTING scroll of enchant weapon (82 gold,
                  | have 75).
  2818 | D:3      | 2818 ||| READING scroll of enchant armour.
  2818 | D:3      | 2818 ||| ENCHANTING +0 pair of gloves.
  2878 | D:3      | Reached skill level 6 in Axes
  3027 | D:3      | 3027 ||| UPGRADING to +0 chain mail.
  3037 | D:3      | 3037 ||| DROPPING +0 scale mail.
  3038 | D:3      | 3038 ||| UPGRADING to amulet of guardian spirit.
  3043 | D:3      | 3043 ||| UPGRADING to +6 ring of strength.
  3044 | D:3      | 3044 ||| READING scroll labelled VUELUU GUUNETH.
  3045 | D:3      | 3045 ||| READING scroll labelled ROCOFO WOQATE.
  3046 | D:3      | 3046 ||| READING scroll labelled ZALICH BUMERO.
  3062 | D:4      | Noticed a scorpion
  3063 | D:4      | 3063 ||| Stepping ~*~*~tactically~*~*~ (stealth).
  3067 | D:4      | Killed a scorpion
  3067 | D:4      | Reached *** piety under Trog
  3068 | D:4      | Reached XP level 5. HP: 40/45 MP: 2/4
  3158 | D:4      | Found a staircase to the Ecumenical Temple.
  3187 | D:4      | Found a snail-covered altar of Cheibriados.
  3253 | D:4      | Reached skill level 7 in Axes
  3561 | D:4      | Found an opulent altar of Gozag.
  3561 | D:4      | Found a sparkling altar of Nemelex Xobeh.
  3710 | D:4      | 3710 ||| READING 5 scrolls of identify.
  3710 | D:4      | 3710 ||| IDENTIFYING fuming emerald potion
  3711 | D:4      | 3711 ||| READING 4 scrolls of identify.
  3711 | D:4      | 3711 ||| IDENTIFYING smoky purple potion
  3712 | D:4      | 3712 ||| DROPPING potion of brilliance.
  3713 | D:4      | 3713 ||| DROPPING potion of attraction.
  3723 | D:5      | Entered Level 5 of the Dungeon
  3724 | D:5      | 3724 ||| PLANNING OSSUARY
  3734 | D:5      | Noticed an ice beast
  3739 | D:5      | 3739 ||| INVOKING Berserk.
  3743 | D:5      | Killed an ice beast
  3744 | D:5      | Reached XP level 6. HP: 53/53 MP: 3/5
  3932 | D:5      | 3932 ||| Stepping randomly (stuck).
  3933 | D:5      | 3933 ||| Stepping randomly (stuck).
  3934 | D:5      | 3934 ||| Stepping randomly (stuck).
  3935 | D:5      | 3935 ||| Stepping randomly (stuck).
  3942 | D:5      | Reached skill level 8 in Axes
  4185 | D:5      | 4185 ||| Stepping ~*~*~tactically~*~*~ (stealth).
  4190 | D:5      | Reached skill level 3 in Armour
  4229 | D:5      | 4229 ||| Stepping ~*~*~tactically~*~*~ (hiding).
  4231 | D:5      | 4231 ||| Stepping ~*~*~tactically~*~*~ (hiding).
  4232 | D:5      | 4232 ||| Stepping ~*~*~tactically~*~*~ (hiding).
  4371 | D:5      | 4371 ||| UPGRADING to +0 plate armour.
  4441 | D:5      | 4441 ||| DROPPING +0 chain mail.
  4503 | D:5      | 4503 ||| RIP OSSUARY
  4558 | D:5      | 4558 ||| PLANNING D:1-11
  4608 | D:5      | 4608 ||| UPGRADING to +0 cloak.
  4727 | D:5      | Reached XP level 7. HP: 56/60 MP: 6/6
  4836 | D:5      | 4836 ||| UPGRADING to ring of see invisible.
  4837 | D:5      | 4837 ||| READING scroll labelled VASEHO MITTANG.
  4938 | D:5      | 4938 ||| READING 4 scrolls of identify.
  4938 | D:5      | 4938 ||| IDENTIFYING lumpy ruby potion
  4939 | D:5      | 4939 ||| READING 3 scrolls of identify.
  4939 | D:5      | 4939 ||| IDENTIFYING amethyst potion
  4940 | D:5      | 4940 ||| READING 2 scrolls of identify.
  4940 | D:5      | 4940 ||| IDENTIFYING inky potion
  4941 | D:5      | 4941 ||| DROPPING potion of invisibility.
  5013 | D:6      | Reached skill level 9 in Axes
  5015 | D:6      | 5015 ||| FLEEEEING.
  5016 | D:6      | 5016 ||| FLEEEEING.
  5017 | D:6      | 5017 ||| FLEEEEING.
  5018 | D:6      | 5018 ||| FLEEEEING.
  5019 | D:6      | 5019 ||| FLEEEEING.
  5020 | D:6      | 5020 ||| FLEEEEING.
  5021 | D:6      | 5021 ||| FLEEEEING.
  5022 | D:6      | 5022 ||| FLEEEEING.
  5057 | D:6      | 5057 ||| DROPPING +0 whip.
  5061 | D:6      | 5061 ||| Stepping ~*~*~tactically~*~*~ (stealth).
  5355 | D:6      | 5355 ||| Stepping ~*~*~tactically~*~*~ (stealth).
  5494 | D:6      | 5494 ||| DROPPING amulet of the acrobat.
  5495 | D:6      | 5495 ||| DROPPING ring of flight.
  5496 | D:6      | 5496 ||| READING 2 scrolls labelled GAETIY ACEGHE.
  5500 | D:6      | 5500 ||| READING 3 scrolls of identify.
  5500 | D:6      | 5500 ||| IDENTIFYING emerald potion
  5501 | D:6      | 5501 ||| READING 2 scrolls of identify.
  5501 | D:6      | 5501 ||| IDENTIFYING yellow potion
  5502 | D:6      | 5502 ||| DROPPING potion of magic.
  5542 | D:7      | 5542 ||| READING scroll of teleportation.
  5664 | D:7      | Noticed a shadow
  5671 | D:7      | Killed a shadow
  5672 | D:7      | Reached skill level 10 in Axes
  5672 | D:7      | Reached XP level 8. HP: 68/68 MP: 7/7
  5779 | D:7      | 5779 ||| Stepping ~*~*~tactically~*~*~ (stealth).
  5794 | D:7      | Found a white marble altar of Elyvilon.
  5814 | D:7      | Reached skill level 6 in Fighting
  5937 | D:7      | Reached **** piety under Trog
  6061 | D:7      | 6061 ||| Stepping ~*~*~tactically~*~*~ (stealth).
  6064 | D:7      | Reached skill level 11 in Axes
  6397 | D:7      | 6397 ||| READING scroll labelled FIDWOK HAPP.
  6398 | D:7      | 6398 ||| READING scroll labelled JESMYF FUDY.
  6519 | D:8      | Found a stormy altar of Qazlal.
  6557 | D:8      | Noticed an air elemental
  6706 | D:8      | 6706 ||| INVOKING Berserk.
  6711 | D:8      | Reached skill level 6 in Armour
  6882 | D:8      | 6882 ||| Stepping ~*~*~tactically~*~*~ (hiding).
  6937 | D:8      | Found Sagogh's General Store.
  6941 | D:8      | 6941 ||| FLEEEEING.
  6942 | D:8      | 6942 ||| FLEEEEING.
  6943 | D:8      | 6943 ||| FLEEEEING.
  6944 | D:8      | 6944 ||| FLEEEEING.
  6945 | D:8      | 6945 ||| FLEEEEING.
  6946 | D:8      | 6946 ||| FLEEEEING.
  6947 | D:8      | 6947 ||| FLEEEEING.
  6948 | D:8      | 6948 ||| FLEEEEING.
  6949 | D:8      | 6949 ||| FLEEEEING.
  6950 | D:8      | 6950 ||| FLEEEEING.
  6951 | D:8      | 6951 ||| FLEEEEING.
  6960 | D:8      | 6960 ||| FLEEEEING.
  6961 | D:8      | 6961 ||| FLEEEEING.
  6962 | D:8      | 6962 ||| FLEEEEING.
  6963 | D:8      | 6963 ||| FLEEEEING.
  6964 | D:8      | 6964 ||| FLEEEEING.
  6965 | D:8      | 6965 ||| FLEEEEING.
  6966 | D:8      | 6966 ||| FLEEEEING.
  6967 | D:8      | 6967 ||| FLEEEEING.
  6968 | D:8      | 6968 ||| FLEEEEING.
  6969 | D:8      | 6969 ||| FLEEEEING.
  6970 | D:8      | 6970 ||| FLEEEEING.
  6971 | D:8      | 6971 ||| FLEEEEING.
  6972 | D:8      | 6972 ||| FLEEEEING.
  6973 | D:8      | 6973 ||| FLEEEEING.
  6974 | D:8      | 6974 ||| FLEEEEING.
  6975 | D:8      | 6975 ||| STAIRDANCE
  7167 | D:8      | 7167 ||| Stepping ~*~*~tactically~*~*~ (hiding).
  7169 | D:8      | 7169 ||| Stepping ~*~*~tactically~*~*~ (hiding).
  7172 | D:8      | Reached XP level 9. HP: 75/75 MP: 8/8
  7334 | D:8      | 7334 ||| BUYING scroll of identify (30 gold).
  7334 | D:8      | Bought a scroll of identify for 30 gold pieces
  7334 | D:8      | 7334 ||| BUYING scroll of identify (30 gold).
  7334 | D:8      | Bought a scroll of identify for 30 gold pieces
  7334 | D:8      | 7334 ||| BUYING scroll of identify (30 gold).
  7334 | D:8      | Bought a scroll of identify for 30 gold pieces
  7334 | D:8      | 7334 ||| BUYING wand of digging (2) (126 gold).
  7334 | D:8      | Bought a wand of digging (2) for 126 gold pieces
  7334 | D:8      | 7334 ||| Stepping ~*~*~tactically~*~*~ (hiding).
  7336 | D:8      | 7336 ||| INVOKING Berserk.
  7348 | D:8      | 7348 ||| Stepping ~*~*~tactically~*~*~ (stealth).
  7349 | D:8      | 7349 ||| Stepping ~*~*~tactically~*~*~ (stealth).
  7364 | D:8      | 7364 ||| Stepping ~*~*~tactically~*~*~ (stealth).
  7366 | D:8      | 7366 ||| Stepping ~*~*~tactically~*~*~ (stealth).
  7377 | D:8      | Reached skill level 12 in Axes
  7429 | D:8      | 7429 ||| Stepping ~*~*~tactically~*~*~ (hiding).
  7684 | D:8      | Noticed a two-headed ogre
  7691 | D:8      | 7691 ||| INVOKING Berserk.
  7695 | D:8      | Killed a two-headed ogre
  7696 | D:8      | Reached skill level 13 in Axes
  7841 | D:8      | 7841 ||| Stepping ~*~*~tactically~*~*~ (hiding).
  7853 | D:8      | 7853 ||| INVOKING Berserk.
  7863 | D:8      | Reached skill level 3 in Throwing
  7950 | D:8      | 7950 ||| Stepping ~*~*~tactically~*~*~ (stealth).
  7951 | D:8      | 7951 ||| Stepping ~*~*~tactically~*~*~ (stealth).
  7952 | D:8      | 7952 ||| INVOKING Berserk.
  7983 | D:8      | 7983 ||| Stepping ~*~*~tactically~*~*~ (stealth).
  7996 | D:8      | 7996 ||| FLEEEEING.
  8001 | D:8      | 8001 ||| INVOKING Berserk.
  8025 | D:8      | Reached XP level 10. HP: 88/88 MP: 9/9
  8096 | D:8      | 8096 ||| Stepping ~*~*~tactically~*~*~ (stealth).
  8102 | D:8      | 8102 ||| Stepping ~*~*~tactically~*~*~ (hiding).
  8132 | D:8      | 8132 ||| Stepping ~*~*~tactically~*~*~ (stealth).
  8137 | D:8      | 8137 ||| Stepping ~*~*~tactically~*~*~ (stealth).
  8139 | D:8      | 8139 ||| Stepping ~*~*~tactically~*~*~ (hiding).
  8144 | D:8      | Reached skill level 14 in Axes
  8145 | D:8      | 8145 ||| Stepping ~*~*~tactically~*~*~ (stealth).
  8151 | D:8      | 8151 ||| Stepping ~*~*~tactically~*~*~ (stealth).
  8153 | D:8      | 8153 ||| Stepping ~*~*~tactically~*~*~ (stealth).
  8210 | D:8      | 8210 ||| INVOKING Berserk.
  8360 | D:8      | Reached skill level 3 in Dodging
  8642 | D:8      | Found an ancient bone altar of Kikubaaqudgha.
  8642 | D:8      | Found a sacrificial altar of Ru.
  8670 | D:8      | Noticed a cyclops
  8671 | D:8      | 8671 ||| Stepping ~*~*~tactically~*~*~ (stealth).
  8679 | D:8      | 8679 ||| FLEEEEING.
  8680 | D:8      | 8680 ||| FLEEEEING.
  8687 | D:8      | 8687 ||| FLEEEEING.
  8695 | D:8      | 8695 ||| STAIRDANCE
  8836 | D:8      | 8836 ||| FLEEEEING.
  8837 | D:8      | 8837 ||| FLEEEEING.
  8838 | D:8      | 8838 ||| FLEEEEING.
  8841 | D:8      | 8841 ||| FLEEEEING.
  8842 | D:8      | 8842 ||| STAIRDANCE
  9021 | D:8      | 9021 ||| INVOKING Berserk.
  9025 | D:8      | Killed a cyclops
  9026 | D:8      | 9026 ||| STAIRDANCE
  9318 | D:9      | 9318 ||| STAIRDANCE
  9325 | D:9      | 9325 ||| STAIRDANCE
  9337 | D:8      | 9337 ||| DROPPING +0 flail.
  9341 | D:9      | 9341 ||| STAIRDANCE
  9413 | D:9      | Noticed a two-headed ogre
  9415 | D:9      | 9415 ||| INVOKING Berserk.
  9420 | D:9      | Killed a two-headed ogre
  9421 | D:9      | Reached skill level 15 in Axes
  9542 | D:9      | 9542 ||| Stepping ~*~*~tactically~*~*~ (hiding).
  9543 | D:9      | 9543 ||| Stepping ~*~*~tactically~*~*~ (hiding).
  9544 | D:9      | 9544 ||| Stepping ~*~*~tactically~*~*~ (hiding).
  9545 | D:9      | 9545 ||| Stepping ~*~*~tactically~*~*~ (hiding).
  9560 | D:9      | 9560 ||| Stepping ~*~*~tactically~*~*~ (stealth).
  9564 | D:9      | 9564 ||| Stepping ~*~*~tactically~*~*~ (stealth).
  9626 | D:9      | 9626 ||| Stepping ~*~*~tactically~*~*~ (stealth).
  9632 | D:9      | 9632 ||| Stepping ~*~*~tactically~*~*~ (stealth).
  9664 | D:9      | 9664 ||| Stepping ~*~*~tactically~*~*~ (stealth).
  9729 | D:9      | Found a hide-covered altar of Uskayaw.
  9735 | D:9      | Found an iron altar of Okawaru.
  9735 | D:9      | Found a basalt altar of Yredelemnul.
  9978 | D:9      | Reached skill level 9 in Fighting
 10102 | D:9      | 10102 ||| Stepping ~*~*~tactically~*~*~ (stealth).
 10104 | D:9      | 10104 ||| Stepping ~*~*~tactically~*~*~ (stealth).
 10112 | D:9      | 10112 ||| Stepping ~*~*~tactically~*~*~ (stealth).
 10140 | D:9      | Reached ***** piety under Trog
 10194 | D:9      | 10194 ||| INVOKING Berserk.
 10319 | D:9      | 10319 ||| Stepping ~*~*~tactically~*~*~ (stealth).
 10332 | D:9      | 10332 ||| Stepping ~*~*~tactically~*~*~ (hiding).
 10340 | D:9      | 10340 ||| Stepping ~*~*~tactically~*~*~ (stealth).
 10373 | D:9      | 10373 ||| INVOKING Berserk.
 10406 | D:9      | 10406 ||| Stepping ~*~*~tactically~*~*~ (stealth).
 10416 | D:9      | 10416 ||| Stepping ~*~*~tactically~*~*~ (stealth).
 10420 | D:9      | 10420 ||| Stepping ~*~*~tactically~*~*~ (stealth).
 10423 | D:9      | 10423 ||| INVOKING Berserk.
 10429 | D:9      | Reached skill level 16 in Axes
 10546 | D:9      | Found a staircase to the Orcish Mines.
 10657 | D:9      | 10657 ||| SWAPPING to +2 war axe of freezing.
 10658 | D:9      | 10658 ||| DROPPING +1 war axe of draining.
 10676 | D:9      | 10676 ||| Stepping ~*~*~tactically~*~*~ (stealth).
 10861 | D:9      | 10861 ||| DRINKING 2 glowing blue potions.
 10877 | D:10     | Entered Level 10 of the Dungeon
 10884 | D:10     | Reached XP level 11. HP: 97/97 MP: 10/10
 10917 | D:10     | 10917 ||| Stepping ~*~*~tactically~*~*~ (stealth).
 10921 | D:10     | 10921 ||| Stepping ~*~*~tactically~*~*~ (stealth).
 10923 | D:10     | 10923 ||| Stepping ~*~*~tactically~*~*~ (hiding).
 10924 | D:10     | 10924 ||| INVOKING Berserk.
 11079 | D:10     | 11079 ||| INVOKING Berserk.
 11083 | D:10     | Reached skill level 9 in Armour
 11139 | D:10     | Found a staircase to the Lair.
 11141 | D:10     | Noticed an oklob plant
 11142 | D:10     | 11142 ||| INVOKING Brothers in Arms.
 11143 | D:10     | 11143 ||| INVOKING Brothers in Arms.
 11155 | D:10     | 11155 ||| INVOKING Berserk.
 11157 | D:10     | Killed an oklob plant
 11303 | D:10     | 11303 ||| Stepping ~*~*~tactically~*~*~ (hiding).
 11304 | D:10     | 11304 ||| Stepping ~*~*~tactically~*~*~ (hiding).
 11306 | D:10     | 11306 ||| Stepping ~*~*~tactically~*~*~ (hiding).
 11315 | D:10     | Received a gift from Trog
 11578 | D:10     | Found a hazy altar of Hepliaklqana.
 11580 | D:10     | 11580 ||| FLEEEEING.
 11581 | D:10     | 11581 ||| FLEEEEING.
 11582 | D:10     | 11582 ||| FLEEEEING.
 11583 | D:10     | 11583 ||| FLEEEEING.
 11584 | D:10     | 11584 ||| INVOKING Berserk.
 11595 | D:10     | 11595 ||| FLEEEEING.
 11596 | D:10     | 11596 ||| FLEEEEING.
 11597 | D:10     | 11597 ||| FLEEEEING.
 11598 | D:10     | 11598 ||| FLEEEEING.
 11599 | D:10     | 11599 ||| FLEEEEING.
 11609 | D:10     | 11609 ||| STAIRDANCE
 11879 | D:10     | 11879 ||| INVOKING Berserk.
 11894 | D:10     | 11894 ||| FLEEEEING.
 11895 | D:10     | Found a bloodstained altar of Trog.
 11901 | D:10     | 11901 ||| FLEEEEING.
 11906 | D:10     | 11906 ||| FLEEEEING.
 11907 | D:10     | 11907 ||| FLEEEEING.
 11908 | D:10     | 11908 ||| FLEEEEING.
 11909 | D:10     | 11909 ||| FLEEEEING.
 11910 | D:10     | 11910 ||| FLEEEEING.
 11911 | D:10     | 11911 ||| FLEEEEING.
 11914 | D:10     | 11914 ||| FLEEEEING.
 11915 | D:10     | 11915 ||| FLEEEEING.
 11916 | D:10     | 11916 ||| FLEEEEING.
 11917 | D:10     | 11917 ||| FLEEEEING.
 11918 | D:10     | 11918 ||| FLEEEEING.
 11919 | D:10     | 11919 ||| FLEEEEING.
 11929 | D:10     | 11929 ||| FLEEEEING.
 11930 | D:10     | 11930 ||| STAIRDANCE
 12032 | D:10     | 12032 ||| Stepping ~*~*~tactically~*~*~ (hiding).
 12033 | D:10     | 12033 ||| Stepping ~*~*~tactically~*~*~ (hiding).
 12154 | D:10     | 12154 ||| INVOKING Berserk.
 12436 | D:10     | 12436 ||| PLANNING LAIR
 12436 | D:10     | 12436 ||| DROPPING ring of see invisible.
 12437 | D:10     | 12437 ||| UPGRADING to +4 ring of slaying {mikee}.
 12495 | Lair:1   | Entered Level 1 of the Lair of Beasts
 12577 | Lair:1   | 12577 ||| Stepping ~*~*~tactically~*~*~ (hiding).
 12721 | Lair:1   | 12721 ||| Stepping ~*~*~tactically~*~*~ (stealth).
 12723 | Lair:1   | 12723 ||| Stepping ~*~*~tactically~*~*~ (stealth).
 12909 | Lair:1   | 12909 ||| INVOKING Berserk.
 13334 | Lair:1   | 13334 ||| INVOKING Berserk.
 13398 | Lair:1   | 13398 ||| Stepping ~*~*~tactically~*~*~ (stealth).
 13461 | Lair:1   | 13461 ||| INVOKING Berserk.
 13917 | Lair:1   | 13917 ||| UPGRADING to +2 cloak.
 13927 | Lair:1   | 13927 ||| DROPPING +0 cloak.
 13928 | Lair:1   | 13928 ||| UPGRADING to ring of poison resistance.
 13930 | Lair:1   | 13930 ||| READING 13 scrolls of identify.
 13930 | Lair:1   | 13930 ||| IDENTIFYING fuming brown potion
 13992 | Lair:2   | 13992 ||| INVOKING Berserk.
 14030 | Lair:2   | 14030 ||| Stepping ~*~*~tactically~*~*~ (stealth).
 14049 | Lair:2   | Found a staircase to the Snake Pit.
 14050 | Lair:2   | 14050 ||| Stepping ~*~*~tactically~*~*~ (hiding).
 14057 | Lair:2   | 14057 ||| Stepping ~*~*~tactically~*~*~ (hiding).
 14059 | Lair:2   | 14059 ||| Stepping ~*~*~tactically~*~*~ (stealth).
 14060 | Lair:2   | 14060 ||| Stepping ~*~*~tactically~*~*~ (stealth).
 14061 | Lair:2   | 14061 ||| Stepping ~*~*~tactically~*~*~ (hiding).
 14099 | Lair:2   | 14099 ||| Stepping ~*~*~tactically~*~*~ (stealth).
 14180 | Lair:2   | 14180 ||| Stepping ~*~*~tactically~*~*~ (stealth).
 14181 | Lair:2   | 14181 ||| INVOKING Berserk.
 14191 | Lair:2   | 14191 ||| Stepping ~*~*~tactically~*~*~ (stealth).
 14212 | Lair:2   | Reached skill level 12 in Fighting
 14348 | Lair:2   | 14348 ||| INVOKING Berserk.
 14545 | Lair:2   | Found a staircase to the Shoals.
 14548 | Lair:2   | 14548 ||| INVOKING Berserk.
 14598 | Lair:2   | Noticed a five-headed hydra
 14599 | Lair:2   | 14599 ||| INVOKING Brothers in Arms.
 14600 | Lair:2   | 14600 ||| INVOKING Brothers in Arms.
 14602 | Lair:2   | 14602 ||| SWAPPING to +3 morningstar of freezing.
 14604 | Lair:2   | 14604 ||| INVOKING Brothers in Arms.
 14605 | Lair:2   | 14605 ||| INVOKING Brothers in Arms.
 14606 | Lair:2   | 14606 ||| INVOKING Brothers in Arms.
 14607 | Lair:2   | 14607 ||| INVOKING Brothers in Arms.
 14608 | Lair:2   | 14608 ||| INVOKING Brothers in Arms.
 14609 | Lair:2   | 14609 ||| INVOKING Brothers in Arms.
 14610 | Lair:2   | 14610 ||| INVOKING Brothers in Arms.
 14611 | Lair:2   | 14611 ||| INVOKING Brothers in Arms.
 14612 | Lair:2   | 14612 ||| INVOKING Brothers in Arms.
 14613 | Lair:2   | 14613 ||| INVOKING Brothers in Arms.
 14613 | Lair:2   | HP: 22/104 [five-headed hydra (6)]
 14614 | Lair:2   | 14614 ||| READING 2 scrolls of teleportation.
 14614 | Lair:2   | HP: 5/104 [five-headed hydra (9)]
 14615 | Lair:2   | 14615 ||| DRINKING potion of heal wounds.
 14616 | Lair:2   | 14616 ||| INVOKING Berserk.
 14685 | Lair:2   | 14685 ||| SWAPPING to +2 war axe of freezing.
 14994 | Lair:2   | 14994 ||| Stepping ~*~*~tactically~*~*~ (stealth).
 15000 | Lair:2   | 15000 ||| SWAPPING to +3 morningstar of freezing.
 15002 | Lair:2   | 15002 ||| INVOKING Berserk.
 15007 | Lair:2   | Reached XP level 12. HP: 112/112 MP: 11/11
 15009 | Lair:2   | Killed a five-headed hydra
 15010 | Lair:2   | Reached skill level 12 in Armour
 15052 | Lair:2   | 15052 ||| SWAPPING to +2 war axe of freezing.
 15183 | Lair:2   | 15183 ||| INVOKING Berserk.
 15852 | Lair:2   | Noticed a catoblepas
 15854 | Lair:2   | 15854 ||| INVOKING Berserk.
 15857 | Lair:2   | Killed a catoblepas
 16060 | Lair:2   | Noticed Harold
 16061 | Lair:2   | 16061 ||| Stepping ~*~*~tactically~*~*~ (hiding).
 16064 | Lair:2   | 16064 ||| Stepping ~*~*~tactically~*~*~ (hiding).
 16068 | Lair:2   | 16068 ||| INVOKING Berserk.
 16071 | Lair:2   | Killed Harold
 16216 | Lair:2   | 16216 ||| INVOKING Berserk.
 16462 | Lair:2   | 16462 ||| UPGRADING to +0 buckler.
 16467 | Lair:2   | 16467 ||| DROPPING amulet of faith.
 16468 | Lair:2   | 16468 ||| READING scroll labelled TETOIJ YFYIH.
 16469 | Lair:2   | 16469 ||| READING 12 scrolls of identify.
 16469 | Lair:2   | 16469 ||| IDENTIFYING metallic coppery potion
 16470 | Lair:2   | 16470 ||| DROPPING potion of degeneration.
 16501 | Lair:3   | 16501 ||| STAIRDANCE
 16509 | Lair:3   | Noticed a seven-headed hydra
 16510 | Lair:3   | 16510 ||| STAIRDANCE
 16515 | Lair:2   | Reached skill level 1 in Shields
 16517 | Lair:3   | 16517 ||| SWAPPING to +3 morningstar of freezing.
 16518 | Lair:3   | 16518 ||| INVOKING Berserk.
 16520 | Lair:3   | Killed a seven-headed hydra
 16521 | Lair:3   | Reached skill level 3 in Shields
 16521 | Lair:3   | 16521 ||| STAIRDANCE
 16550 | Lair:2   | 16550 ||| SWAPPING to +2 war axe of freezing.
 16768 | Lair:3   | 16768 ||| INVOKING Berserk.
 16803 | Lair:3   | 16803 ||| Stepping ~*~*~tactically~*~*~ (stealth).
 16804 | Lair:3   | 16804 ||| Stepping ~*~*~tactically~*~*~ (stealth).
 16805 | Lair:3   | 16805 ||| Stepping ~*~*~tactically~*~*~ (stealth).
 16806 | Lair:3   | 16806 ||| Stepping ~*~*~tactically~*~*~ (stealth).
 16807 | Lair:3   | 16807 ||| Stepping ~*~*~tactically~*~*~ (stealth).
 16808 | Lair:3   | 16808 ||| Stepping ~*~*~tactically~*~*~ (stealth).
 16809 | Lair:3   | 16809 ||| Stepping ~*~*~tactically~*~*~ (stealth).
 16828 | Lair:3   | 16828 ||| Stepping ~*~*~tactically~*~*~ (stealth).
 16829 | Lair:3   | 16829 ||| Stepping ~*~*~tactically~*~*~ (stealth).
 16830 | Lair:3   | 16830 ||| Stepping ~*~*~tactically~*~*~ (stealth).
 16831 | Lair:3   | 16831 ||| Stepping ~*~*~tactically~*~*~ (stealth).
 16838 | Lair:3   | Reached skill level 6 in Shields
 17201 | Lair:3   | Noticed a catoblepas
 17202 | Lair:3   | 17202 ||| Stepping ~*~*~tactically~*~*~ (hiding).
 17204 | Lair:3   | 17204 ||| Stepping ~*~*~tactically~*~*~ (hiding).
 17207 | Lair:3   | 17207 ||| Stepping ~*~*~tactically~*~*~ (hiding).
 17208 | Lair:3   | 17208 ||| Stepping ~*~*~tactically~*~*~ (hiding).
 17211 | Lair:3   | 17211 ||| INVOKING Berserk.
 17224 | Lair:3   | 17224 ||| Stepping ~*~*~tactically~*~*~ (cloud).
 17226 | Lair:3   | 17226 ||| Stepping ~*~*~tactically~*~*~ (cloud).
 17228 | Lair:3   | 17228 ||| Stepping ~*~*~tactically~*~*~ (cloud).
 17230 | Lair:3   | Killed a catoblepas
 17792 | Lair:3   | 17792 ||| DROPPING ring of resist corrosion.
 17793 | Lair:3   | 17793 ||| READING 2 scrolls labelled MUOTABB DIJAU.
 17794 | Lair:3   | 17794 ||| DROPPING scroll of summoning.
 17827 | Lair:4   | Reached skill level 9 in Shields
 17911 | Lair:4   | 17911 ||| FLEEEEING.
 17912 | Lair:4   | 17912 ||| FLEEEEING.
 17914 | Lair:4   | 17914 ||| STAIRDANCE
 17986 | Lair:4   | 17986 ||| Stepping ~*~*~tactically~*~*~ (stealth).
 17990 | Lair:4   | Noticed a catoblepas
 17991 | Lair:4   | 17991 ||| Stepping ~*~*~tactically~*~*~ (stealth).
 17993 | Lair:4   | 17993 ||| Stepping ~*~*~tactically~*~*~ (stealth).
 18050 | Lair:4   | 18050 ||| Stepping ~*~*~tactically~*~*~ (hiding).
 18055 | Lair:4   | 18055 ||| DRINKING potion of cancellation.
 18079 | Lair:4   | 18079 ||| Stepping ~*~*~tactically~*~*~ (stealth).
 18082 | Lair:4   | 18082 ||| INVOKING Berserk.
 18095 | Lair:4   | 18095 ||| Stepping ~*~*~tactically~*~*~ (cloud).
 18099 | Lair:4   | 18099 ||| Stepping ~*~*~tactically~*~*~ (cloud).
 18100 | Lair:4   | 18100 ||| Stepping ~*~*~tactically~*~*~ (cloud).
 18101 | Lair:4   | Killed a catoblepas
 18323 | Lair:4   | 18323 ||| Stepping ~*~*~tactically~*~*~ (stealth).
 18324 | Lair:4   | 18324 ||| Stepping ~*~*~tactically~*~*~ (stealth).
 18451 | Lair:4   | 18451 ||| INVOKING Berserk.
 18454 | Lair:4   | Reached XP level 13. HP: 122/122 MP: 10/12
 18636 | Lair:4   | 18636 ||| INVOKING Berserk.
 18666 | Lair:4   | 18666 ||| Stepping ~*~*~tactically~*~*~ (water).
 18850 | Lair:4   | 18850 ||| INVOKING Berserk.
 19017 | Lair:4   | 19017 ||| INVOKING Berserk.
 19194 | Lair:4   | Found a viscous altar of Jiyva.
 19194 | Lair:4   | Found a staircase to the Slime Pits.
 19431 | Lair:4   | 19431 ||| DROPPING ring of magical power.
 19442 | Lair:4   | 19442 ||| READING scroll labelled MULIOX KINOKO.
 19442 | Lair:4   | Identified a scroll of acquirement
 19442 | Lair:4   | 19442 ||| ACQUIRING +0 broad axe of electrocution
 19442 | Lair:4   | Acquired a +0 broad axe of electrocution
 19444 | Lair:4   | 19444 ||| SWAPPING to +0 broad axe of electrocution.
 19445 | Lair:4   | 19445 ||| DROPPING +2 war axe of freezing.
 19448 | Lair:4   | 19448 ||| FLEEEEING.
 19449 | Lair:4   | 19449 ||| FLEEEEING.
 19450 | Lair:4   | 19450 ||| FLEEEEING.
 19451 | Lair:4   | 19451 ||| FLEEEEING.
 19452 | Lair:4   | 19452 ||| FLEEEEING.
 19453 | Lair:4   | 19453 ||| STAIRDANCE
 19591 | Lair:4   | 19591 ||| FLEEEEING.
 19592 | Lair:4   | 19592 ||| FLEEEEING.
 19593 | Lair:4   | 19593 ||| FLEEEEING.
 19594 | Lair:4   | 19594 ||| FLEEEEING.
 19595 | Lair:4   | 19595 ||| STAIRDANCE
 19675 | Lair:5   | Entered Level 5 of the Lair of Beasts
 19902 | Lair:5   | 19902 ||| INVOKING Berserk.
 20070 | Lair:5   | 20070 ||| Stepping ~*~*~tactically~*~*~ (stealth).
 20082 | Lair:5   | 20082 ||| READING scroll of acquirement.
 20082 | Lair:5   | 20082 ||| ACQUIRING +5 hat of the Cockatrice {Fly rElec
                  | Str+4 Int+3}
 20082 | Lair:5   | Acquired the +5 hat of the Cockatrice {Fly rElec Str+4
                  | Int+3}
 20084 | Lair:5   | 20084 ||| UPGRADING to +5 hat of the Cockatrice {Fly rElec
                  | Str+4 Int+3}.
 20106 | Lair:5   | 20106 ||| INVOKING Berserk.
 20263 | Lair:5   | 20263 ||| INVOKING Berserk.
 20265 | Lair:5   | Reached skill level 17 in Axes
 20561 | Lair:5   | 20561 ||| Stepping ~*~*~tactically~*~*~ (stealth).
 20563 | Lair:5   | 20563 ||| Stepping ~*~*~tactically~*~*~ (stealth).
 20569 | Lair:5   | 20569 ||| Stepping ~*~*~tactically~*~*~ (stealth).
 20571 | Lair:5   | 20571 ||| Stepping ~*~*~tactically~*~*~ (stealth).
 20623 | Lair:5   | Reached skill level 18 in Axes
 20789 | Lair:5   | 20789 ||| Stepping ~*~*~tactically~*~*~ (stealth).
 20811 | Lair:5   | 20811 ||| Stepping ~*~*~tactically~*~*~ (stealth).
 20819 | Lair:5   | 20819 ||| Stepping ~*~*~tactically~*~*~ (stealth).
 20823 | Lair:5   | 20823 ||| Stepping ~*~*~tactically~*~*~ (stealth).
 20872 | Lair:5   | 20872 ||| Stepping ~*~*~tactically~*~*~ (stealth).
 20873 | Lair:5   | 20873 ||| Stepping ~*~*~tactically~*~*~ (stealth).
 20874 | Lair:5   | 20874 ||| Stepping ~*~*~tactically~*~*~ (stealth).
 20875 | Lair:5   | 20875 ||| INVOKING Berserk.
 20882 | Lair:5   | Reached skill level 6 in Dodging
 20884 | Lair:5   | Reached skill level 15 in Fighting
 20949 | Lair:5   | 20949 ||| Stepping ~*~*~tactically~*~*~ (stealth).
 20952 | Lair:5   | 20952 ||| Stepping ~*~*~tactically~*~*~ (stealth).
 20959 | Lair:5   | 20959 ||| INVOKING Berserk.
 20974 | Lair:5   | 20974 ||| Stepping ~*~*~tactically~*~*~ (stealth).
 21003 | Lair:5   | 21003 ||| FLEEEEING.
 21006 | Lair:5   | 21006 ||| INVOKING Brothers in Arms.
 21008 | Lair:5   | 21008 ||| SWAPPING to +3 morningstar of freezing.
 21010 | Lair:5   | 21010 ||| INVOKING Berserk.
 21012 | Lair:5   | Reached XP level 14. HP: 135/135 MP: 11/13
 21025 | Lair:5   | 21025 ||| SWAPPING to +0 broad axe of electrocution.
 21170 | Lair:5   | 21170 ||| DROPPING +0 war axe of freezing.
 21190 | Lair:5   | 21190 ||| Stepping ~*~*~tactically~*~*~ (stealth).
 21194 | Lair:5   | 21194 ||| Stepping ~*~*~tactically~*~*~ (stealth).
 21201 | Lair:5   | 21201 ||| Stepping ~*~*~tactically~*~*~ (stealth).
 21410 | Lair:5   | 21410 ||| PLANNING D:1-11
 21617 | Lair:4   | 21617 ||| DROPPING +2 pair of boots of rampaging.
 21618 | Lair:4   | 21618 ||| READING scroll labelled WUACWA EROENG.
 21729 | D:11     | 21729 ||| INVOKING Trog's Hand.
 21766 | D:11     | 21766 ||| Stepping ~*~*~tactically~*~*~ (stealth).
 21906 | D:11     | 21906 ||| SWAPPING to +1 vampiric broad axe.
 21907 | D:11     | 21907 ||| DROPPING +0 broad axe of electrocution.
 21949 | D:11     | 21949 ||| Stepping ~*~*~tactically~*~*~ (hiding).
 21950 | D:11     | 21950 ||| Stepping ~*~*~tactically~*~*~ (hiding).
 21953 | D:11     | 21953 ||| Stepping ~*~*~tactically~*~*~ (hiding).
 22370 | D:11     | 22370 ||| Stepping ~*~*~tactically~*~*~ (stealth).
 22371 | D:11     | 22371 ||| Stepping ~*~*~tactically~*~*~ (stealth).
 22378 | D:11     | 22378 ||| INVOKING Brothers in Arms.
 22379 | D:11     | 22379 ||| INVOKING Brothers in Arms.
 22380 | D:11     | 22380 ||| SWAPPING to +3 morningstar of freezing.
 22381 | D:11     | 22381 ||| INVOKING Berserk.
 22418 | D:11     | 22418 ||| SWAPPING to +1 vampiric broad axe.
 22472 | D:11     | 22472 ||| DRINKING 10 potions of curing.
 22472 | D:11     | 22472 ||| (to cure confusion)
 22499 | D:11     | 22499 ||| Stepping ~*~*~tactically~*~*~ (hiding).
 22504 | D:11     | 22504 ||| Stepping ~*~*~tactically~*~*~ (hiding).
 22546 | D:11     | Found a large runed translucent door.
 22546 | D:11     | Found a large runed translucent door.
 22548 | D:11     | Found a shimmering altar of Xom.
 22761 | D:11     | 22761 ||| PLANNING D
 22870 | D:12     | 22870 ||| Stepping ~*~*~tactically~*~*~ (stealth).
 22956 | D:12     | Noticed Kirke
 22957 | D:12     | 22957 ||| INVOKING Trog's Hand.
 22964 | D:12     | 22964 ||| INVOKING Berserk.
 22972 | D:12     | Noticed a sphinx
 22974 | D:12     | Killed Kirke
 23097 | D:12     | 23097 ||| Stepping ~*~*~tactically~*~*~ (hiding).
 23099 | D:12     | Reached skill level 15 in Armour
 23607 | D:12     | 23607 ||| DROPPING ring of positive energy.
 23608 | D:12     | 23608 ||| READING scroll labelled FIUGOM DOSTRILY.
 23714 | D:13     | 23714 ||| Stepping ~*~*~tactically~*~*~ (hiding).
 23757 | D:13     | 23757 ||| Stepping ~*~*~tactically~*~*~ (hiding).
 23793 | D:13     | Noticed Rupert
 23794 | D:13     | 23794 ||| INVOKING Trog's Hand.
 23795 | D:13     | 23795 ||| INVOKING Berserk.
 23810 | D:13     | Killed Rupert
 23962 | D:13     | 23962 ||| Stepping ~*~*~tactically~*~*~ (hiding).
 23966 | D:13     | 23966 ||| Stepping ~*~*~tactically~*~*~ (hiding).
 24109 | D:13     | 24109 ||| INVOKING Berserk.
 24244 | D:13     | 24244 ||| READING scroll of enchant armour.
 24244 | D:13     | 24244 ||| ENCHANTING +1 pair of gloves.
 24455 | D:14     | 24455 ||| Stepping ~*~*~tactically~*~*~ (stealth).
 24456 | D:14     | 24456 ||| INVOKING Berserk.
 24607 | D:14     | 24607 ||| INVOKING Brothers in Arms.
 24609 | D:14     | 24609 ||| SWAPPING to +3 morningstar of freezing.
 24610 | D:14     | 24610 ||| INVOKING Berserk.
 24621 | D:14     | 24621 ||| SWAPPING to +1 vampiric broad axe.
 24753 | D:14     | 24753 ||| FLEEEEING.
 24754 | D:14     | 24754 ||| FLEEEEING.
 24755 | D:14     | 24755 ||| FLEEEEING.
 24756 | D:14     | 24756 ||| FLEEEEING.
 24757 | D:14     | 24757 ||| FLEEEEING.
 24758 | D:14     | 24758 ||| FLEEEEING.
 24759 | D:14     | 24759 ||| FLEEEEING.
 24760 | D:14     | 24760 ||| FLEEEEING.
 24762 | D:14     | 24762 ||| FLEEEEING.
 24763 | D:14     | 24763 ||| FLEEEEING.
 24764 | D:14     | 24764 ||| FLEEEEING.
 24766 | D:14     | 24766 ||| FLEEEEING.
 24767 | D:14     | 24767 ||| STAIRDANCE
 24968 | D:14     | 24968 ||| READING scroll of enchant weapon.
 24968 | D:14     | 24968 ||| ENCHANTING +1 vampiric broad axe.
 25053 | D:14     | Found a gate to the Vaults.
 25066 | D:14     | 25066 ||| INVOKING Brothers in Arms.
 25067 | D:14     | 25067 ||| INVOKING Brothers in Arms.
 25068 | D:14     | 25068 ||| INVOKING Brothers in Arms.
 25069 | D:14     | 25069 ||| INVOKING Brothers in Arms.
 25070 | D:14     | 25070 ||| SWAPPING to +3 morningstar of freezing.
 25071 | D:14     | 25071 ||| INVOKING Berserk.
 25091 | D:14     | 25091 ||| SWAPPING to +2 vampiric broad axe.
 25112 | D:14     | Reached XP level 15. HP: 114/147 MP: 7/14
 25147 | D:14     | HP: 34/147 [skeletal warrior/+0 glaive (12)]
 25148 | D:14     | 25148 ||| READING 7 scrolls of teleportation.
 25149 | D:14     | 25149 ||| DRINKING 2 potions of heal wounds.
 25149 | D:14     | HP: 12/147 [death knight/+0 halberd (16)]
 25150 | D:14     | 25150 ||| DRINKING potion of heal wounds.
 25188 | D:14     | 25188 ||| INVOKING Berserk.
 25586 | D:14     | 25586 ||| SWAPPING to +3 morningstar of freezing.
 25587 | D:14     | 25587 ||| INVOKING Berserk.
 25598 | D:14     | 25598 ||| SWAPPING to +2 vampiric broad axe.
 25885 | D:14     | 25885 ||| Stepping ~*~*~tactically~*~*~ (hiding).
 25892 | D:14     | 25892 ||| INVOKING Berserk.
 26227 | D:14     | 26227 ||| UPGRADING to +0 tower shield.
 26237 | D:14     | 26237 ||| DROPPING +0 buckler.
 26238 | D:14     | 26238 ||| READING 27 scrolls of identify.
 26238 | D:14     | 26238 ||| IDENTIFYING lumpy dark potion
 26257 | D:15     | Entered Level 15 of the Dungeon
 26260 | D:15     | 26260 ||| STAIRDANCE
 26368 | D:15     | 26368 ||| STAIRDANCE
 26380 | D:15     | 26380 ||| STAIRDANCE
 26390 | D:15     | 26390 ||| STAIRDANCE
 26417 | D:15     | 26417 ||| STAIRDANCE
 26427 | D:15     | 26427 ||| STAIRDANCE
 26463 | D:15     | Found a staircase to the Depths.
 26466 | D:15     | 26466 ||| INVOKING Berserk.
 26596 | D:15     | Reached skill level 12 in Shields
 26673 | D:15     | 26673 ||| Stepping ~*~*~tactically~*~*~ (stealth).
 26674 | D:15     | 26674 ||| Stepping ~*~*~tactically~*~*~ (stealth).
 26675 | D:15     | 26675 ||| Stepping ~*~*~tactically~*~*~ (stealth).
 26677 | D:15     | 26677 ||| Stepping ~*~*~tactically~*~*~ (stealth).
 26684 | D:15     | 26684 ||| INVOKING Berserk.
 27106 | D:15     | 27106 ||| PLANNING ORC
 27106 | D:15     | 27106 ||| READING 27 scrolls of identify.
 27106 | D:15     | 27106 ||| IDENTIFYING bubbling purple potion
 27107 | D:15     | 27107 ||| DROPPING potion of berserk rage.
 27210 | Orc:1    | Entered Level 1 of the Orcish Mines
 27215 | Orc:1    | Noticed Maurice
 27232 | Orc:1    | Killed Maurice
 27268 | Orc:1    | 27268 ||| Stepping ~*~*~tactically~*~*~ (stealth).
 27401 | Orc:2    | Entered Level 2 of the Orcish Mines
 27421 | Orc:2    | 27421 ||| INVOKING Trog's Hand.
 27422 | Orc:2    | Noticed an orc warlord
 27428 | Orc:2    | 27428 ||| INVOKING Berserk.
 27449 | Orc:2    | Killed an orc warlord
 27562 | Orc:2    | 27562 ||| INVOKING Berserk.
 27793 | Orc:2    | 27793 ||| Stepping ~*~*~tactically~*~*~ (stealth).
 27795 | Orc:2    | 27795 ||| Stepping ~*~*~tactically~*~*~ (hiding).
 27798 | Orc:2    | 27798 ||| Stepping ~*~*~tactically~*~*~ (stealth).
 27818 | Orc:2    | Found Ritosav's Book Shop.
 27874 | Orc:2    | Found a staircase to the Elven Halls.
 27897 | Orc:2    | 27897 ||| INVOKING Berserk.
 27912 | Orc:2    | Received a gift from Trog
 28122 | Orc:2    | 28122 ||| Stepping ~*~*~tactically~*~*~ (hiding).
 28136 | Orc:2    | 28136 ||| Stepping ~*~*~tactically~*~*~ (stealth).
 28138 | Orc:2    | 28138 ||| Stepping ~*~*~tactically~*~*~ (hiding).
 28140 | Orc:2    | 28140 ||| Stepping ~*~*~tactically~*~*~ (hiding).
 28144 | Orc:2    | 28144 ||| INVOKING Berserk.
 28178 | Orc:2    | 28178 ||| INVOKING Brothers in Arms.
 28183 | Orc:2    | 28183 ||| INVOKING Brothers in Arms.
 28191 | Orc:2    | HP: 28/149 [orc warrior/+0 trident (17)]
 28192 | Orc:2    | 28192 ||| READING 8 scrolls of teleportation.
 28192 | Orc:2    | HP: 7/149 [orc high priest/divine providence (14)]
 28192 | Orc:2    | Slain by an orc warrior

Levels and vault maps discovered:
D:1:      dpeg_arrival_chambers_temple_mockup, layout_loops_ring,
          chequers_ecumenical_altar_simple
D:2:      layout_basic, uniq_terence
D:3:      layout_basic, mainiacjoe_overflow_six_doors_small, serial_shops,
          nicolae_shop_temple_entry_statues_fountains
D:4:      layout_cave_pools, grunt_temple_overflow_opulence, slow_altar_1,
          minmay_temple_entry_wispy
D:5:      layout_loops_ring, chequers_ossuary_entry_cave, serial_glass,
          glass_columns_b, glass_columns_a, glass_columns_a, feat_on_display,
          feat_on_display, feat_on_display
D:6:      layout_rooms
D:7:      layout_loops_ring, elyvilon_altar_1, hangedman_glass_teeth
D:8:      nzn_winding_woodlands_medium [nzn_winding_woodlands_5x5_default,
          nzn_winding_woodlands_5x15_concentric,
          nzn_winding_woodlands_hourglass,
          nzn_winding_woodlands_5x5_closed_star,
          nzn_winding_woodlands_center_garden,
          nzn_winding_woodlands_5x5_checkerboard,
          nzn_winding_woodlands_5x5_open_star, nzn_winding_woodlands_5x15_cabin,
          nzn_winding_woodlands_5x5_three], layout_layer_cave,
          nicolae_qazlal_style_of_elements, gammafunk_temple_overflow_wave,
          serial_shops, shop, kennysheep_doodads, corexii_leaking_fountain,
          worms_lemuel
D:9:      layout_irregular_city, grunt_temple_overflow_open, david_orc_1_choice,
          serial_column_ruins, column_ruins_open_small, column_ruins_open_tiny,
          column_ruins_grid_3, column_ruins_columns_straight,
          column_ruins_corridor_straight, column_ruins_open_tiny,
          column_ruins_grid_3
D:10:     layout_basic, nicolae_overflow_squiral, dpeg_oklobed_lair
D:11:     due_chaos_kobolds, layout_basic, laboratory
D:12:     layout_irregular_city, uniq_kirke
D:13:     layout_basic, uniq_rupert
D:14:     minmay_bloctagon, layout_loops_ring, erik_vaults_2
D:15:     grunt_enter_depths_giant_problem, layout_rooms
Lair:1:   layout_regular_city
Lair:2:   layout_layer_cave, shoals_dummy_entry, guppyfry_snake_entry_garden,
          uniq_harold
Lair:3:   layout_chaotic_city
Lair:4:   layout_regular_city, dpeg_slime_entry_enclosed, serial_bayou_pond_c,
          minmay_lindwurm_lava, lemuel_fruit_tree
Lair:5:   grunt_lair_end_beastmaster, layout_cave_pods, grunt_megastairs_5
Orc:1:    layout_caves, uniq_maurice
Orc:2:    st_orc_pillars, layout_diamond_mine, serial_shops, shop_statue,
          nicolae_orc_pool_cavern, nicolae_shop_clearance

Skill      XL: |  1  2  3  4  5  6  7  8  9 10 11 12 13 14 15 |
---------------+----------------------------------------------+-----
Axes           | 4 5 6 7 8 10 11 13 16 18 | 18.0
Throwing       | 1 2 3 4 |  4.0
Fighting       | 4 5 6 8 9 12 13 15 17 | 17.8
Armour         | 3 4 6 7 8 11 13 16 | 16.0
Dodging        | 3 4 5 6 7 |  7.0
Shields        | 9 10 14 | 14.8

Action                   |  1- 3 |  4- 6 |  7- 9 | 10-12 | 13-15 || total
-------------------------+-------+-------+-------+-------+-------++-------
Melee: Hand axe          |    34 |       |       |       |       ||    34
       Headbutt          |    11 |     7 |    21 |    75 |   216 ||   330
       War axe           |    43 |    66 |   137 |   419 |    62 ||   727
       Punch             |       |       |     4 |     3 |       ||     7
       Morningstar       |       |       |       |    10 |    32 ||    42
       Broad axe         |       |       |       |       |   801 ||   801
Throw: Javelin           |     9 |    35 |    37 |    12 |       ||    93
       Boomerang         |       |       |       |   115 |   143 ||   258
Invok: Berserk           |     1 |     1 |     6 |    30 |    25 ||    63
       Brothers in Arms  |       |       |       |     2 |     6 ||     8
       Trog's Hand       |       |       |       |       |     4 ||     4
  Use: Scroll            |     8 |     6 |    10 |     5 |    10 ||    39
       Potion            |     1 |       |       |     3 |     3 ||     7
Armor: Animal skin       |    16 |       |       |       |       ||    16
       Ring mail         |     4 |     3 |       |       |       ||     7
       Leather armour    |     2 |       |       |       |       ||     2
       Scale mail        |       |     9 |       |       |       ||     9
       Chain mail        |       |    16 |       |       |       ||    16
       Skin              |       |     8 |       |       |       ||     8
       Plate armour      |       |     4 |    81 |   220 |   475 ||   780
Dodge: Dodged            |    43 |    30 |    41 |   133 |   228 ||   475
Block: Buckler           |       |       |       |    27 |   138 ||   165
       Tower shield      |       |       |       |       |   237 ||   237

Table legend:
 A = Non-vault XP
 B = Vault XP
 C = Vault XP percentage of total XP
 D = Non-vault monster count
 E = Vault monster count
 F = Vault count percentage of total count
                 A         B        C        D         E       F
            +---------+---------+-------+---------+---------+-------
      Total |   88279 |   50651 |  36.5 |     466 |     166 |  26.3
            +---------+---------+-------+---------+---------+-------
        D:1 |      63 |       0 |   0.0 |      35 |       0 |   0.0
        D:2 |      27 |      36 |  57.1 |      10 |       1 |   9.1
        D:3 |      38 |       0 |   0.0 |      13 |       0 |   0.0
        D:4 |     195 |       5 |   2.5 |      19 |       1 |   5.0
        D:5 |     408 |       0 |   0.0 |      14 |       0 |   0.0
        D:6 |     621 |       0 |   0.0 |      15 |       0 |   0.0
        D:7 |     871 |       0 |   0.0 |      11 |       0 |   0.0
        D:8 |     602 |    4300 |  87.7 |      12 |      34 |  73.9
        D:9 |    2994 |     533 |  15.1 |      37 |       9 |  19.6
       D:10 |    2987 |     580 |  16.3 |      25 |       1 |   3.8
       D:11 |    3270 |    3662 |  52.8 |      21 |      13 |  38.2
       D:12 |    2379 |    1625 |  40.6 |       8 |       2 |  20.0
       D:13 |    7543 |    1914 |  20.2 |      20 |       1 |   4.8
       D:14 |   13153 |   11992 |  47.7 |      24 |      20 |  45.5
       D:15 |    6355 |    1084 |  14.6 |      12 |       1 |   7.7
     Lair:1 |    3979 |       0 |   0.0 |      20 |       0 |   0.0
     Lair:2 |    6569 |    1530 |  18.9 |      25 |       5 |  16.7
     Lair:3 |    7737 |       0 |   0.0 |      25 |       0 |   0.0
     Lair:4 |   11733 |    2615 |  18.2 |      35 |       4 |  10.3
     Lair:5 |   11170 |   11513 |  50.8 |      31 |      25 |  44.6
      Orc:1 |    1044 |     503 |  32.5 |      17 |       1 |   5.6
      Orc:2 |    4541 |    8759 |  65.9 |      37 |      48 |  56.5
            +---------+---------+-------+---------+---------+-------
